 Dungeon Crawl Stone Soup version 0.29.0-4-gdea44cf6ec (webtiles) character file.

Game seed: 5405586732945409890

11 qw the Chopper (level 2, 0/17 HPs)
             Began as a Tengu Warper on Aug 28, 2022.
             Succumbed to their own poison gas
             ... on level 1 of the Dungeon.
             The game lasted 00:00:03 (603 turns).

qw the Chopper (Tengu Warper)                        Turns: 603, Time: 00:00:04

Health: 0/17       AC:  5    Str: 11    XL:     2   Next: 25%
Magic:  6/6        EV: 10    Int: 13    God:
Gold:   42         SH:  0    Dex: 13    Spells: 5/5 levels left

rFire   . . .      SeeInvis .   Y - +0 war axe
rCold   . . .      Faith    .   (no shield)
rNeg    . . .      Spirit   .   e - +0 ring mail
rPois   .          Reflect  .   (helmet restricted)
rElec   .          Harm     .   (no cloak)
rCorr   .          Rampage  .   (no gloves)
Will    .....                   (boots unavailable)
Stlth   +.........              (no amulet)
HPRegen 0.05/turn               (no ring)
MPRegen 0.10/turn               (no ring)

@: lethally poisoned (0 -> -3)
A: beak, talons 3
a: no special abilities


You were on level 1 of the Dungeon.
You visited 1 branch of the dungeon, and saw 1 of its levels.

You collected 42 gold pieces.


Innate Abilities, Weirdness & Mutations

You have a beak for a mouth.
You have claws for feet.


   Skills:
 - Level 2.0 Fighting
 + Level 3.2 Axes
 - Level 1.0 Throwing
 - Level 1.1 Armour
 - Level 2.1 Dodging
 - Level 2.0 Spellcasting
 - Level 2.4 Translocations


You had 5 spell levels left.
You didn't know any spells.
Your spell library contained the following spells:

 Spells                   Type           Power      Damage    Failure   Level
 Blink                    Tloc           14%        N/A       34%         2
 Gell's Gravitas          Tloc           7%         N/A       56%         3
 Lesser Beckoning         Tloc           7%         N/A       56%         3
 Teleport Other           Tloc           7%         N/A       56%         3
 Manifold Assault         Tloc           7%         N/A       99%         5

Inventory:

Hand Weapons
 a - a +0 club
 Y - a +0 war axe (weapon)
Armour
 e - a +0 ring mail (worn)
Potions
 g - a potion of resistance {unknown}
 h - a potion of lignification {unknown}

Dungeon Overview and Level Annotations

Branches:
Dungeon (1/15)

Altars:


Message History

(D) Dungeon
Where to? (* - list waypoints, ? - help)
What level of the Dungeon? (default 1, ? - help) Sorry, I don't know how to get there.
Done exploring.
594 ||| Stepping randomly (stuck).
Really walk into that cloud of poison gas?
You are engulfed in poison gas.
You are lethally poisoned!
You feel very sick.
595 ||| Stepping ~*~*~tactically~*~*~ (cloud).
You feel very sick.
Things that are here:
a scroll of blinking; an amulet of magic regeneration; a +0 leather armour
596 ||| DRINKING potion of curing.
You feel better.
596 ||| (to cure poison) Done exploring.
(D) Dungeon
Where to? (* - list waypoints, Enter - D:2, ? - help)
What level of the Dungeon? (default 1, ? - help) Sorry, I don't know how to get there.
Done exploring.
597 ||| Stepping randomly (stuck).
Really walk into that cloud of poison gas?
You are engulfed in poison gas.
You are poisoned.
You feel very sick.
598 ||| Stepping ~*~*~tactically~*~*~ (cloud).
You feel very sick.
Things that are here:
a scroll of blinking; an amulet of magic regeneration; a +0 leather armour
There is a lethal amount of poison in your body!
You feel sick.
There is a lethal amount of poison in your body!
You feel sick.
There is a lethal amount of poison in your body!
You feel sick.
There is a lethal amount of poison in your body!
You feel sick.
There is a lethal amount of poison in your body!
You die...

######## ########
#0.¤00¤####.......
###0.0000#..........
#.¤.00.00#..........
#¤0¤0000.#¤.........
#..@0¤0.00..(.......
###.0.¤0¤.0.....###.
###¤0¤0####...###.
##.¤00.###.......
#########...¤..0.........
#............00###.......
#.............¤####......
#..............0.........
#........................


There were no monsters in sight!

Vanquished Creatures
  2 bats (D:1)
  An endoplasm (D:1)
  A goblin (D:1)
  A hobgoblin (D:1)
  A ball python (D:1)
  2 frilled lizards (D:1)
  3 rats (D:1)
11 creatures vanquished.

Notes
Turn   | Place    | Note
-------+----------+-------------------------------------------
     0 | D:1      | qw the Tengu Warper began the quest for the Orb.
     0 | D:1      | Reached XP level 1. HP: 12/12 MP: 4/4
     0 | D:1      | 0 ||| qw: Version: 0.1-a-89-g26bdef1
     0 | D:1      | 0 ||| qw: Game counter: 983
     0 | D:1      | 0 ||| qw: Always use a shield: true
     0 | D:1      | 0 ||| qw: God list: Okawaru
     0 | D:1      | 0 ||| qw: Allow faded altars: false
     0 | D:1      | 0 ||| qw: Do Orc after D:15 true
     0 | D:1      | 0 ||| qw: Do second Lair branch before Depths: true
     0 | D:1      | 0 ||| qw: Lair rune preference: random
     0 | D:1      | 0 ||| qw: Plans: Normal
     0 | D:1      | 0 ||| PLANNING D:1-11
   237 | D:1      | 237 ||| Stepping ~*~*~tactically~*~*~ (stealth).
   242 | D:1      | 242 ||| Stepping ~*~*~tactically~*~*~ (stealth).
   284 | D:1      | Found a faded altar of an unknown god.
   303 | D:1      | Reached skill level 3 in Axes
   303 | D:1      | Reached XP level 2. HP: 17/17 MP: 6/6
   372 | D:1      | 372 ||| SWAPPING to +0 war axe.
   373 | D:1      | 373 ||| Stepping ~*~*~tactically~*~*~ (stealth).
   378 | D:1      | 378 ||| DROPPING +0 hand axe.
   393 | D:1      | 393 ||| Stepping ~*~*~tactically~*~*~ (stealth).
   579 | D:1      | 579 ||| UPGRADING to +0 ring mail.
   589 | D:1      | 589 ||| DROPPING +0 leather armour.
   590 | D:1      | 590 ||| DROPPING amulet of magic regeneration.
   591 | D:1      | 591 ||| READING scroll labelled SEDOCU YLOL.
   592 | D:1      | 592 ||| DRINKING 2 coppery potions.
   593 | D:1      | 593 ||| DROPPING scroll of blinking.
   594 | D:1      | 594 ||| Stepping randomly (stuck).
   595 | D:1      | 595 ||| Stepping ~*~*~tactically~*~*~ (cloud).
   596 | D:1      | 596 ||| DRINKING potion of curing.
   596 | D:1      | 596 ||| (to cure poison)
   597 | D:1      | 597 ||| Stepping randomly (stuck).
   598 | D:1      | 598 ||| Stepping ~*~*~tactically~*~*~ (cloud).
   600 | D:1      | HP: 4/17 [poisoned by you (poison gas)]
   602 | D:1      | HP: 1/17 [poisoned by you (poison gas)]
   603 | D:1      | Succumbed to their own poison gas

Levels and vault maps discovered:
D:1:      zelgadis_glass_arrival_small, layout_basic, basic_ecumenical_altar

Skill      XL: |  1 |
---------------+----+-----
Axes           | 3 |  3.2
Fighting       | |  2.0
Throwing       | |  1.0
Armour         | |  1.1
Dodging        | |  2.1
Spellcasting   | |  2.0
Translocations | |  2.4

Action                   || total
-------------------------++-------
Melee: Hand axe          ||    16
       Peck              ||     4
       Kick              ||     4
       War axe           ||     4
Throw: Boomerang         ||     7
  Use: Potion            ||     2
       Scroll            ||     1
Armor: Leather armour    ||     4
Dodge: Dodged            ||     4

Table legend:
 A = Non-vault XP
 B = Vault XP
 C = Vault XP percentage of total XP
 D = Non-vault monster count
 E = Vault monster count
 F = Vault count percentage of total count
                 A         B        C        D         E       F
            +---------+---------+-------+---------+---------+-------
      Total |      16 |       0 |   0.0 |      11 |       0 |   0.0
            +---------+---------+-------+---------+---------+-------
        D:1 |      16 |       0 |   0.0 |      11 |       0 |   0.0
            +---------+---------+-------+---------+---------+-------
